 Dungeon Crawl Stone Soup version 0.30.0-29-ga12c61a403 (webtiles) character file.

Game seed: 17351016242218022957

160 cheesebisquit the Ruffian (level 5, -3/50 HPs)
             Began as a Troll Monk on June 3, 2023.
             Slain by an ice beast (9 damage)
             ... on level 4 of the Dungeon.
             The game lasted 00:05:48 (1851 turns).

cheesebisquit the Ruffian (Troll Monk)              Turns: 1851, Time: 00:05:49

Health: -3/50      AC:  6    Str: 19    XL:     5   Next: 17%
Magic:  4/4        EV: 10    Int:  8    God:
Gold:   84         SH:  0    Dex: 12    Spells: 4/4 levels left

rFire   . .          .
                       - Unarmed
rCold   . . .        c - orb {light}
rNeg    . . .        k - +2 animal skin
rPois   .            (helmet restricted)
rElec   .            (no cloak)
rCorr   .            (gloves unavailable)
SInv    .            (boots unavailable)
Will    +....        (no amulet)
Stlth   +            g - ring of willpower
HPRegen 1.08/turn    (no ring)
MPRegen 0.09/turn

%: no passive effects
@: confused, ambrosia-drunk, glowing
A: large, unfitting armour, claws 3, regeneration 1, shaggy fur 1, tough skin 1
a: no special abilities


You were on level 4 of the Dungeon.
You visited 1 branch of the dungeon, and saw 4 of its levels.

You collected 84 gold pieces.

Inventory:

Armour
 c - an orb of light (worn)
 k - a +2 animal skin (worn)
Jewellery
 g - a ring of willpower (left claw)
 p - an amulet of faith
Scrolls
 a - 2 scrolls of enchant armour {unknown}
 d - 2 scrolls of vulnerability {unknown}
 e - 4 scrolls of identify {unknown}
 f - 2 scrolls of poison {unknown}
 i - a scroll of brand weapon {unknown}
 m - a scroll of fear {unknown}
 n - a scroll of silence {unknown}
 r - a scroll of immolation {unknown}
Potions
 h - 4 potions of curing {unknown}
 j - 2 potions of heal wounds {unknown}
 l - a potion of degeneration {unknown}
 o - a potion of lignification {unknown}
 q - a potion of magic {unknown}


   Skills:
 - Level 2.4 Fighting
 - Level 2.4 Dodging
 + Level 5.9 Unarmed Combat


You had 4 spell levels left.
You didn't know any spells.
Your spell library contained the following spells:

 Spells                   Type           Power      Damage    Failure   Level
 Kiss of Death            Conj/Necr      0%         2d5       41%         1
 Blink                    Tloc           0%         N/A       54%         2
 Confusing Touch          Hex            0%         N/A       78%         3
 Dispel Undead            Necr           0%         3d6       99%         4
 Manifold Assault         Tloc           0%         N/A       99%         4
 Storm Form               Tmut/Air       0%         N/A       100%        7


Dungeon Overview and Level Annotations

Branches:
Dungeon (4/15)
 Temple: D:4-7

Altars:
Cheibriados
Okawaru
Uskayaw

Annotations:
D:2 1 runed translucent door, Crazy Yiuf


Innate Abilities, Weirdness & Mutations

You are too large for most types of armour.
You have claws for hands.
Your natural rate of healing is unusually fast.
You are covered in fur. (AC +1)
You have tough skin. (AC +1)


Message History

An orc comes into view. It is wielding a +0 club.
You scratch the kobold.
The kobold is severely wounded.
You feel sick. The kobold closely misses you. The orc hits you with a +0 club.
You claw the kobold!
You kill the kobold!
You feel sick.
An ice beast comes into view.
The orc hits you with a +0 club.
You claw the orc!
You kill the orc!
You feel sick.
You feel sick.
You start resting.
You feel sick.
You are no longer poisoned.
You start resting.
An orc is nearby!
You barely miss the orc. The orc barely misses you.
You barely miss the orc. The orc hits you with a +0 club.
You completely miss the orc. The orc hits you but does no damage.
You claw the orc!
You kill the orc!
The ice beast hits you. The ice beast freezes you!
You scratch the ice beast.
The ice beast is moderately wounded.
The ice beast hits you. The ice beast freezes you.
You are confused.
You feel invigorated. The ice beast hits you. The ice beast freezes you!
* * * LOW HITPOINT WARNING * * *
You claw the ice beast!
The ice beast is heavily wounded.
The ice beast hits you. The ice beast freezes you!
* * * LOW HITPOINT WARNING * * *
2 orcs come into view.
The orc shouts! x2; You hear a shout!
An orc comes into view. It is wielding a +0 falchion.
The ice beast attacks as you move away! The ice beast hits you.
* * * LOW HITPOINT WARNING * * *
The ice beast freezes you!
You die...

##o...... .##
../.....##..
.....o..#..
.....o....#
#........# #
#.......## #.# #
#.......#....
###.#.##@........
#.....)Y.<.....#
##...)...###..##
##.###<..# .#
##......#
#.....[.#
##........
...........
###..#......


You could see an ice beast and 3 orcs.

Vanquished Creatures
  Natasha (thrice) (D:2)
  Robin (D:2)
  A dart slug (D:1)
  6 orcs
  6 ball pythons (D:1)
  3 endoplasms
  A giant cockroach (D:1)
  12 goblins
  8 hobgoblins
  A jackal (D:1)
  A quokka (D:3)
  3 bats
  4 frilled lizards (D:1)
  7 kobolds
  7 rats
64 creatures vanquished.

Notes
Turn   | Place    | Note
-------+----------+-------------------------------------------
     0 | D:1      | cheesebisquit the Troll Monk began the quest for the Orb.
     0 | D:1      | Reached XP level 1. HP: 22/22 MP: 0/0
   111 | D:1      | Reached XP level 2. HP: 29/29 MP: 1/1
   249 | D:1      | Reached skill level 4 in Unarmed Combat
   333 | D:1      | Reached XP level 3. HP: 36/36 MP: 2/2
   503 | D:2      | Noticed Robin
   525 | D:2      | Killed Robin
   573 | D:2      | Noticed Natasha
   577 | D:2      | Killed Natasha
   578 | D:2      | Reached skill level 5 in Unarmed Combat
   578 | D:2      | Reached XP level 4. HP: 42/44 MP: 3/3
   588 | D:2      | Noticed Natasha
   594 | D:2      | Killed Natasha
   596 | D:2      | Noticed Natasha
   602 | D:2      | Killed Natasha
   971 | D:2      | Reached XP level 5. HP: 50/50 MP: 4/4
   994 | D:2      | Found a runed translucent door.
   995 | D:2      | Noticed Crazy Yiuf
  1527 | D:3      | Found a snail-covered altar of Cheibriados.
  1563 | D:3      | Found an iron altar of Okawaru.
  1567 | D:3      | Found a hide-covered altar of Uskayaw.
  1837 | D:4      | Noticed an ice beast
  1851 | D:4      | Slain by an ice beast

Illustrated notes

Levels and vault maps discovered:
D:1:      wander_arrival_chamber, layout_basic, grunt_decor_resistance,
          nrook_loot_triangle, minmay_tetromino_o2
D:2:      layout_basic, uniq_robin, uniq_natasha, uniq_crazy_yiuf_cottage
D:3:      layout_basic, mainiacjoe_overflow_catwalk_spiral, lemuel_tele_altar,
          ebering_ecumenical_altar_abandoned, grunt_ministairs_11,
          serial_bayou_ford_a, uniq_grinder
D:4:      layout_cave_pools, minmay_temple_entry_trees, grunt_ministairs_11,
          st_stairs_4

Skill      XL: |  1  2  3 |
---------------+----------+-----
Unarmed Combat | 4 5 |  5.9
Fighting       | |  2.4
Dodging        | |  2.4

Action                     |  1- 3 |  4- 6 || total
---------------------------+-------+-------++-------
  Melee: Unarmed           |    69 |    45 ||   114
    Use: Potion            |       |     1 ||     1
 Armour: Robe              |    16 |       ||    16
         Animal skin       |       |    13 ||    13
  Dodge: Dodged            |    33 |    15 ||    48
